Map: Lightshade LE

Players

MarineLorD

  • Race: Terran Terran
  • League: Master
  • Spawn Location: 11:00

ShoWTimE - Winner!

  • Race: Protoss Protoss
  • League: Master
  • Spawn Location: 5:00

Event: DreamHack SC2 Masters 2020 Winter

VOD

Have the link to the VOD?

Description

Time

  • Played on: Nov. 4, 2020, 1:18 p.m.
  • Length: 15:17

All games in this series

Show
View Real Time Build Order
Export as new Build Order

MarineLorD Terran 

Build Orders:  

Get SALT Encoding   

  12  0:00  SCV  
  13  0:12  SCV  
  14  0:17  Supply Depot  
  14  0:24  SCV  
  14  0:28  Refinery  
  15  0:39  SCV  
  16  0:45  Barracks  
  16  0:51  SCV  
  17  1:03  SCV  
  18  1:12  Engineering Bay  
  18  1:15  SCV  
  19  1:31  Marine  
  19  1:32  Orbital Command  
  20  1:37  Factory  
  20  1:50  Barracks Reactor  
  20  1:52  Supply Depot  
  20  1:58  SCV  
  21  2:10  SCV  
  22  2:18  Command Center  
  22  2:23  SCV  
  25  2:30  Hellion  
  25  2:31  Hellion  
  25  2:35  SCV  
  28  2:39  Supply Depot  
  28  2:46  Refinery  
  28  2:47  SCV  
  29  2:59  SCV  
  29  3:03  Widow Mine x2  
  29  3:05  Starport  
  34  3:11  SCV  
  35  3:16  Armory  
  35  3:23  SCV  
  36  3:29  Widow Mine  
  36  3:31  Widow Mine  
  38  3:35  SCV  
  38  3:36  Orbital Command  
  37  3:43  Medivac  
  37  3:47  SCV  
  38  3:59  SCV  
  37  4:03  Widow Mine  
  37  4:08  SCV  
  40  4:11  SCV  
  40  4:12  Widow Mine  
  43  4:18  Barracks Tech Lab  
  43  4:20  SCV  
  43  4:23  Supply Depot  
  43  4:24  SCV  
  45  4:31  Barracks  
  45  4:32  SCV  
  45  4:36  SCV  
  47  4:45  SCV  
  48  4:48  SCV  
  49  4:57  Cyclone, SCV, Marine x2  
  49  4:59  Starport Tech Lab  
  53  5:00  SCV  
  53  5:02  Barracks  
  54  5:07  Engineering Bay  
  54  5:09  SCV  
  54  5:10  Refinery  
  54  5:12  SCV  
  52  5:15  Marine x2  
  52  5:21  SCV  
  55  5:24  SCV, Refinery  
  55  5:27  Marine, Stimpack  
  55  5:29  Siege Tank  
  55  5:33  SCV  
  59  5:36  Bunker  
  59  5:37  Terran Infantry Weapons Level 1  
  59  5:38  Marine x2  
  59  5:41  Starport Tech Lab  
  59  5:42  SCV  
  62  5:51  Supply Depot  
  62  5:52  Supply Depot  
  62  5:53  Supply Depot  
  62  6:05  Starport Reactor  
  62  6:12  Marine x2  
  62  6:13  Marauder, SCV, Siege Tank  
  62  6:14  Marine, SCV  
  70  6:25  Combat Shield, SCV  
  69  6:26  SCV  
  69  6:29  Supply Depot x2  
  69  6:30  Marine x2  
  69  6:32  Marauder  
  72  6:34  Marauder  
  74  6:42  Medivac x2  
  74  6:46  Missile Turret  
  78  6:48  Marine  
  78  6:52  Siege Tank  
  82  6:57  Supply Depot  
  82  6:58  Supply Depot  
  82  7:01  Marauder  
  84  7:03  Marauder, Command Center  
  84  7:07  Concussive Shells  
  86  7:11  Marine x2  
  86  7:13  SCV  
  86  7:14  SCV  
  90  7:22  Marauder  
  92  7:25  Marauder  
  92  7:26  SCV x2  
  92  7:29  Marine x2  
  98  7:31  Terran Infantry Armor Level 1  
  95  7:41  SCV  
  95  7:43  Marauder  
  89  7:44  SCV  
  89  7:45  Medivac x2  
  89  7:46  Marine  
  89  7:47  Siege Tank  
  97  7:53  Barracks x2  
  97  7:54  SCV  
  97  7:55  Marine x2  
  100  7:58  SCV  
  101  8:06  SCV  
  101  8:10  SCV  
  101  8:12  Marauder  
  105  8:15  Medivac x2  
  105  8:16  Orbital Command  
  105  8:18  SCV  
  110  8:22  Marine x2  
  110  8:23  Marauder, Missile Turret  
  110  8:26  Siege Tank  
  117  8:28  SCV  
  117  8:30  SCV  
  119  8:37  Engineering Bay  
  119  8:39  Marauder  
  119  8:40  Marine  
  122  8:41  Armory  
  122  8:44  SCV x2  
  122  8:46  Marine, Marauder  
  127  8:56  Barracks Tech Lab, Barracks Reactor  
  127  8:57  SCV x2  
  127  9:00  Siege Tank  
  132  9:03  SCV, Refinery  
  133  9:11  SCV, Marauder  
  133  9:12  Marauder, SCV  
  133  9:14  Marine x2, Marauder  
  133  9:16  SCV  
  111  9:32  Marauder, Marine x2, Refinery, Viking, Siege Tank  
  111  9:33  Supply Depot, Marauder  
  111  9:35  Marine, Viking  
  111  9:37  Marine  
  126  9:40  Marine  
  126  9:42  SCV x2  
  129  9:48  Supply Depot  
  129  9:49  Marine x2  
  129  9:52  Terran Infantry Weapons Level 2  
  131  9:53  Marauder  
  131  9:54  Terran Infantry Armor Level 2  
  131  9:55  Marine x2  
  135  10:02  Supply Depot  
  135  10:03  Marine  
  135  10:04  Supply Depot x2  
  136  10:08  Viking  
  136  10:09  Viking  
  136  10:13  Marine x2, Marauder  
  144  10:19  Marine, Marauder  
  147  10:23  Ghost Academy  
  147  10:30  Missile Turret  
  147  10:32  Supply Depot  
  147  10:33  Marine x2, Marauder  
  151  10:38  Siege Tank, Viking  
  151  10:39  Viking  
  158  10:51  Command Center  
  158  10:55  Ghost x2  
  162  10:58  Ghost  
  164  11:08  Supply Depot, Viking  
  164  11:09  Viking, Terran Ship Weapons Level 1  
  168  11:16  Supply Depot  
  168  11:21  Marine x4  
  172  11:38  Marine x2, Viking, Marauder  
  172  11:39  Viking  
  179  11:47  Marine x4  
  183  11:56  Marine, Marauder  
  183  11:57  Barracks  
  183  11:59  Marine, Barracks  
  183  12:00  Barracks  
  187  12:04  Marine  
  187  12:07  Marine x2  
  185  12:09  Marine  
  185  12:11  SCV x2  
  185  12:14  Marauder  
  183  12:18  Marauder x2  
  183  12:22  Marine  
  184  12:24  Marine  
  184  12:25  Marine  
  184  12:28  Viking x2  
  191  12:32  Marine  
  191  12:36  Marauder  
  194  12:39  Marine, Marauder  
  194  12:40  Marine  
  194  12:42  Marine x2  
  196  12:50  Marine  
  193  12:57  Marauder x2  
  193  12:58  Marine  
  185  13:00  Marine x2, Marauder  
  190  13:06  Planetary Fortress  
  190  13:07  SCV x2  
  190  13:08  Marine  
  188  13:16  Marine  
  188  13:18  Marauder x2  
  193  13:21  Marine x2  
  193  13:22  Marauder  
  193  13:23  Barracks Tech Lab, SCV, Barracks Reactor  
  193  13:24  SCV  
  193  13:25  SCV  
  200  13:30  Missile Turret  
  187  13:35  Marine x2, Marauder  
  187  13:37  SCV x2  
  187  13:41  Marauder, Bunker, Marine x3  
  190  13:55  Marine x2, Marauder  
  185  13:56  SCV  
  185  13:58  Marine, Marauder  
  185  13:59  Marine  
  185  14:01  Marine x2, Marauder  
  180  14:06  Marine, Marauder  
  183  14:14  Marine x2  
  183  14:16  Marauder, Marine  
  183  14:17  Marine  
  173  14:28  Marauder  
  144  14:32  Marine, Marauder  
  144  14:35  Marine x2  
  144  14:36  Marauder  
  144  14:37  Marine x2, Marauder  
  124  14:39  SCV  
  124  14:44  SCV x2  
  123  14:48  Marine  
  123  14:49  Marauder, Marine  
Show
View Real Time Build Order
Export as new Build Order

ShoWTimE Protoss - Winner!

Build Orders: Oracle Opening, Colossus Rush 

Get SALT Encoding   

  12  0:00  Probe  
  13  0:12  Probe  
  14  0:17  Pylon  
  14  0:24  Probe (Chrono Boost)  
  15  0:36  Probe (Chrono Boost)  
  15  0:38  Gateway  
  16  0:45  Probe (Chrono Boost)  
  16  0:49  Assimilator  
  17  0:50  Probe  
  18  1:03  Probe  
  19  1:15  Probe  
  19  1:16  Pylon  
  20  1:26  Cybernetics Core  
  20  1:46  Nexus  
  20  1:51  Pylon  
  20  1:54  Probe  
  20  2:00  Assimilator  
  21  2:05  Adept (Chrono Boost)  
  23  2:12  Probe  
  24  2:24  Probe  
  24  2:29  Stargate  
  25  2:32  Adept (Chrono Boost)  
  25  2:36  Probe  
  28  2:47  Warp Gate  
  28  2:48  Probe  
  29  2:55  Adept  
  31  2:59  Probe  
  31  3:00  Probe  
  33  3:07  Pylon  
  33  3:11  Probe  
  33  3:12  Probe  
  35  3:13  Oracle (Chrono Boost)  
  38  3:23  Probe  
  38  3:24  Probe  
  38  3:28  Adept  
  40  3:35  Probe  
  40  3:37  Probe  
  41  3:47  Gateway, Probe  
  42  3:48  Oracle (Chrono Boost)  
  42  3:49  Probe  
  46  4:00  Probe  
  46  4:01  Probe  
  45  4:05  Assimilator  
  45  4:07  Assimilator, Robotics Facility  
  45  4:12  Probe  
  45  4:13  Probe  
  45  4:16  Pylon  
  47  4:24  Probe  
  48  4:26  Phoenix (Chrono Boost), Probe  
  48  4:31  Pylon  
  51  4:36  Probe  
  51  4:38  Probe  
  53  4:40  Stalker  
  54  4:48  Probe  
  54  4:49  Stalker  
  54  4:50  Probe  
  57  4:55  Observer (Chrono Boost)  
  57  5:00  Probe  
  58  5:08  Robotics Bay  
  58  5:12  Adept  
  60  5:15  Probe  
  60  5:18  Probe  
  62  5:21  Phoenix  
  62  5:26  Pylon  
  64  5:31  Nexus  
  64  5:33  Probe x2  
  66  5:39  Observer (Chrono Boost)  
  66  5:42  Pylon  
  67  5:45  Probe x2  
  69  5:51  Gateway  
  69  5:57  Colossus (Chrono Boost)  
  69  6:01  Probe x2  
  77  6:08  Pylon  
  77  6:10  Twilight Council  
  77  6:13  Probe  
  77  6:14  Probe  
  77  6:25  Probe  
  77  6:26  Probe  
  77  6:29  Extended Thermal Lance (Chrono Boost)  
  77  6:30  Forge  
  79  6:37  Probe  
  80  6:41  Charge (Chrono Boost)  
  80  6:43  Colossus (Chrono Boost)  
  86  6:48  Probe  
  86  6:49  Probe  
  88  6:55  Gateway  
  88  6:56  Gateway  
  88  6:58  Sentry  
  88  7:00  Probe  
  91  7:01  Protoss Ground Weapons Level 1 (Chrono Boost)  
  91  7:04  Gateway  
  91  7:06  Probe  
  93  7:11  Shield Battery, Probe  
  93  7:12  Probe  
  92  7:16  Zealot x2  
  92  7:22  Probe  
  97  7:23  Pylon, Probe  
  98  7:31  Colossus (Chrono Boost)  
  103  7:42  Zealot x3  
  97  7:44  Probe x2  
  97  7:45  Probe  
  97  7:49  Pylon  
  100  7:52  Templar Archives  
  100  7:56  Probe x2  
  100  7:57  Probe  
  103  8:01  Gateway  
  103  8:03  Assimilator, Gateway  
  103  8:07  Assimilator  
  103  8:08  Probe, Sentry  
  103  8:09  Probe x2, Sentry  
  110  8:18  Zealot x4  
  110  8:19  Pylon  
  118  8:20  Probe  
  118  8:23  Pylon  
  118  8:24  Blink  
  119  8:31  Colossus (Chrono Boost)  
  119  8:33  Pylon  
  119  8:39  Zealot x4  
  133  8:45  Zealot x2  
  137  8:52  Pylon  
  137  8:53  Pylon  
  137  8:59  Pylon  
  137  9:00  High Templar x2  
  137  9:02  Pylon  
  141  9:04  Archon  
  140  9:11  Zealot x5  
  132  9:19  Probe  
  132  9:20  Photon Cannon  
  129  9:29  Warp Prism (Chrono Boost)  
  127  9:31  Robotics Facility  
  127  9:35  Nexus  
  127  9:36  Pylon  
  127  9:37  High Templar x4  
  135  9:42  Archon  
  135  9:43  Archon  
  135  9:48  Pylon  
  135  9:49  Protoss Ground Weapons Level 2 (Chrono Boost)  
  135  9:52  Forge  
  135  9:56  Probe x3  
  135  9:58  Colossus  
  135  9:59  Pylon  
  138  10:00  Pylon  
  144  10:11  Zealot x4  
  152  10:22  High Templar x2, Protoss Ground Armor Level 1 (Chrono Boost)  
  152  10:26  Archon  
  156  10:31  Probe  
  156  10:32  Probe x2  
  159  10:35  Disruptor (Chrono Boost)  
  159  10:37  Zealot x6  
  174  10:44  Probe  
  174  10:49  Disruptor (Chrono Boost)  
  175  10:51  Shield Battery  
  175  10:53  Photon Cannon  
  175  10:55  Pylon  
  178  11:00  Gateway  
  178  11:01  High Templar x2  
  178  11:02  Zealot x2  
  178  11:03  Gateway  
  186  11:06  Archon, Stalker x2  
  190  11:15  Disruptor (Chrono Boost)  
  193  11:18  Shield Battery  
  193  11:21  Photon Cannon  
  193  11:22  Disruptor (Chrono Boost)  
  196  11:31  Gateway  
  196  11:33  Gateway  
  196  11:46  Gateway  
  196  11:47  Gateway  
  196  11:48  Disruptor  
  196  11:49  Dark Shrine  
  199  11:57  Shield Battery  
  199  11:59  Shield Battery  
  197  12:07  Gateway  
  191  12:11  Gateway  
  191  12:13  Stalker x2  
  191  12:14  Stalker x5  
  197  12:18  Protoss Ground Weapons Level 3 (Chrono Boost)  
  197  12:28  Protoss Ground Armor Level 2 (Chrono Boost)  
  195  12:41  Nexus  
  195  12:43  Pylon  
  195  12:45  Disruptor  
  192  12:52  Zealot  
  192  12:53  Zealot x5  
  192  12:57  Disruptor  
  196  13:01  Zealot x2  
  196  13:03  Shadow Stride (Chrono Boost)  
  196  13:05  Pylon  
  194  13:14  Dark Templar x2  
  198  13:23  Photon Cannon  
  198  13:25  Photon Cannon  
  198  13:26  Photon Cannon  
  198  13:28  Shield Battery  
  194  13:41  Zealot x4  
  190  13:57  Disruptor x2  
  183  14:04  Dark Templar x4  
  183  14:06  Zealot x3  
  183  14:07  Zealot x2  
  183  14:09  Assimilator  
  199  14:13  Assimilator  
  189  14:27  Zealot x6  
  172  14:32  Disruptor  
  172  14:38  Stalker x10  
  167  14:42  Probe x4  
  167  14:47  Zealot x5  
  167  14:48  Zealot  
Tags
 
Add a new tag
Caveats
  • Supply blocks, unpowered buildings, or Contaminate may cause inaccurate times.
  • Supply counts are checked every 10 seconds.